Unix NetHack Version 3.7.0-61 Work-in-progress - last build Jul 22 2022 01:17:04 (76b68a5543021f85d9193291e0cc6e7301e83a09,branch:master). Game began 2022-07-23 09:54:35, ended 2022-07-23 10:07:14. NetSysFire, chaotic female human Priestess ..- - .<.| ..--- ...----.|........- ............(....- ---...-...........- ---....... -...... ..^.@. -.*^.. ..)... ..... ... NetSysFire the Adept St:11 Dx:12 Co:15 In:8 Wi:18 Ch:12 Chaotic S:1996 Dlvl:3 $:212 HP:0(61) Pw:83(83) AC:4 Exp:6 T:3570 FoodPois Satiated Conf Latest messages: There is an uncursed hobbit corpse here; eat it? [ynq] (n) y This hobbit corpse tastes fatty. You finish eating the hobbit corpse. You kill the gnome! You have a little trouble lifting Q - an uncursed lock pick. Your movements are slowed slightly because of your load. What do you want to drop? [$a-df-hjkqs-zA-EGJ-Q or ?*] Never mind. There is an uncursed gnome corpse here; eat it? [ynq] (n) y This gnome corpse tastes okay. You hear crashing rock. You finish eating the gnome corpse. There is a rolling boulder trap here. You see here an uncursed gnome corpse. You escape a rolling boulder trap. There is an uncursed gnome corpse here; eat it? [ynq] (n) y Ulch - that meat was tainted! You feel deathly sick. (It must have died too long ago to be safe to eat.) What do you want to read? [ghjswyzL or ?*] z As you read the scroll, it disappears. This is an identify scroll. C - a cursed +2 ring of protection. Your movements are now unencumbered. What do you want to put on? [CE or ?*] C Which ring-finger, Right or Left? [rl] r C - a cursed +2 ring of protection (on right hand). What do you want to drink? [dkvDG or ?*] D Ooph! This tastes like liquid fire! You pass out. Call a sky blue potion: booze Your sickness feels worse. You awake with a headache. What do you want to drink? [dkvG or ?*] Never mind. What do you want to drink? [dkvG or ?*] K That is a silly thing to drink. What do you want to eat? [fKO or ?*] K Yak - dog food! You are feeling mildly nauseated. Your sickness is severe. You finish eating the tripe ration. You feel slightly more confused. You are at Death's door. You die from your illness. Do you want your possessions identified? [ynq] (y) y Do you want to see your attributes? [ynq] (y) y Do you want an account of creatures vanquished? [ynaq] (y) y Do you want to see your conduct and achievements? [ynq] (y) y Do you want to see the dungeon overview? [ynq] (y) y Major events: Turn 1: NetSysFire the chaotic human Priestess entered the dungeon 943: attained the rank of Acolyte (level 3) 3467: entered the Gnomish Mines 3492: attained the rank of Adept (level 6) 3570: poisoned by a rotted gnome corpse Inventory: Weapons M - an uncursed +0 dagger q - an uncursed +0 flail a - a blessed +1 mace (weapon in hand) Armor u - an uncursed +0 pair of jumping boots (being worn) c - an uncursed +0 small shield (being worn) b - an uncursed +0 robe (being worn) Comestibles O - a cursed food ration f - an uncursed sprig of wolfsbane Scrolls L - an uncursed scroll of enchant weapon s - an uncursed scroll of fire w - an uncursed scroll of gold detection y - an uncursed scroll of remove curse Spellbooks h - an uncursed spellbook of extra healing g - an uncursed spellbook of healing j - a blessed spellbook of slow monster Potions v - an uncursed potion of paralysis G - an uncursed potion of sickness d - 2 potions of holy water k - an uncursed potion of water Rings C - a cursed +2 ring of protection (on right hand) Wands x - an uncursed wand of striking (0:4) Tools J - a cursed wooden harp Q - an uncursed lock pick N - an uncursed +0 pick-axe B - an uncursed tinning kit (0:75) E - an uncursed towel Gems/Stones t - 3 uncursed worthless pieces of black glass A - an uncursed worthless piece of violet glass P - an uncursed worthless piece of yellowish brown glass NetSysFire the Priestess's attributes: Background: You were an Adept, a level 6 human Priestess. You were chaotic, nominally on a mission for Offler who was opposed by Blind Io (lawful) and The Lady (neutral). You were in the Gnomish Mines, on level 3. You entered the dungeon 3570 turns ago. You had 346 experience points, 294 more were needed to attain level 7. Your score was 1996 before end-of-game adjustments. Basics: You had 0 out of 61 hit points. You had all 83 energy points (spell power). Your armor class was 4. Your wallet contained 212 zorkmids. Autopickup was off. Final Characteristics: Your strength was 11 (limit:18/100). Your dexterity was 12 (limit:18). Your constitution was 15 (peak:18, limit:18). Your intelligence was 8 (limit:18). Your wisdom was 18 (limit:18). Your charisma was 12 (limit:18). Final Status: You died from food poisoning. You were nauseated. You were confused. You were satiated. You were unencumbered. You were wielding a mace. You were skilled in mace. Final Attributes: You were piously aligned. You could jump. You had a small defense bonus (+2). You were protected. You are dead. Miscellaneous: You never encountered a bones level. Total elapsed playing time was 12 minutes and 39 seconds. Vanquished creatures: a human zombie a pony 3 yellow lights 2 gnome leaders a kobold mummy a straw golem 2 kittens 2 dwarves a kobold leader a monkey 2 orc zombies a wererat 2 iguanas 2 hobbits a manes 2 hobgoblins 5 giant rats a cave spider a brown mold 3 yellow molds 5 gnomes a gnome zombie 4 geckos 5 jackals a kobold 4 goblins a grid bug 2 bats a lichen a kobold zombie 4 newts 64 creatures vanquished. No species were genocided or became extinct. Voluntary challenges: You were an atheist. You read items or engraved 5 times. You never engraved Elbereth. You never genocided any monsters. You never polymorphed an object. You never changed form. You used no wishes. Achievements: You attained the rank of Acolyte. You entered a shop. You entered the Gnomish Mines. You attained the rank of Adept. The Dungeons of Doom: levels 1 to 8 Level 1: Level 2: Stairs down to The Gnomish Mines. Level 3: A delicatessen. Level 4: Level 5: A grave. Level 6: A grave. Level 7: Level 8: A fountain. The Gnomish Mines: Level 3: <- You were here. Final resting place for you, poisoned by a rotted gnome corpse. Game over: ---------- / \ / REST \ / IN \ / PEACE \ / \ | NetSysFire | | 212 Au | | poisoned by a | | rotted gnome | | corpse | | | | 2022 | *| * * * | * _________)/\\_//(\/(/\)/\//\/|_)_______ Goodbye NetSysFire the Priestess... You were poisoned in The Gnomish Mines on dungeon level 3 with 1975 points, and 212 pieces of gold, after 3570 moves. You were level 6 with a maximum of 61 hit points when you were poisoned.